 Dungeon Crawl Stone Soup version 0.22.1-2-g9c5b331 (webtiles) character file.

59 Matador8 the Insei (level 4, -3/32 HPs)
             Began as a Merfolk Transmuter on Dec 19, 2018.
             Killed by nerve-wracking pain
             ... invoked by Jessica
              (7 damage)
             ... on level 2 of the Dungeon.
             The game lasted 00:08:51 (1894 turns).

Matador8 the Insei (Merfolk Transmuter)             Turns: 1894, Time: 00:08:52

Health: -3/32      AC:  2    Str: 11    XL:     4   Next: 3%
Magic:  3/7        EV: 13    Int: 12    God:
Gold:   42         SH:  0    Dex: 14    Spells: 4/7 levels left

rFire    . . .     SeeInvis .     - Unarmed
rCold    . . .     Gourm    .   (no shield)
rNeg     . . .     Faith    .   b - +0 robe
rPois    .         Spirit   .   (no helmet)
rElec    .         Reflect  .   (no cloak)
rCorr    .         Harm     .   (no gloves)
MR       .....                  (no boots)
Stlth    +.........             (no amulet)
HPRegen  0.10/turn              (no ring)
MPRegen  0.10/turn              (no ring)

@: no status effects
A: change form in water, swift swim, stealthy swim
a: no special abilities


You were on level 2 of the Dungeon.
You were not hungry.

You visited 1 branch of the dungeon, and saw 2 of its levels.

You collected 42 gold pieces.

Inventory:

Missiles
 e - 18 sling bullets
Armour
 b - a +0 robe (worn)
 k - a +0 buckler
Scrolls
 g - a scroll of fear {unknown}
 h - a scroll of identify {unknown}
 l - a scroll of enchant weapon {unknown}
Potions
 f - 2 potions of degeneration {unknown}
 i - a potion of ambrosia {unknown}
 j - 2 potions of heal wounds
Comestibles
 c - 6 chunks of flesh
 d - 5 rations


   Skills:
 - Level 1.1 Fighting
 - Level 2.6 Dodging
 + Level 4.3 Unarmed Combat
 - Level 2.0 Spellcasting
 + Level 4.3 Transmutations


You had 4 spell levels left.
You knew the following spells:

 Your Spells              Type           Power        Failure   Level  Hunger
a - Beastly Appendage     Tmut           ##....       4%          1    ##.....
b - Sticks to Snakes      Tmut           ##......     7%          2    ###....

Your spell library contained the following spells:

 Spells                   Type           Power        Failure   Level  Hunger
 Spider Form              Tmut/Pois      #.........   32%         3    ####...
 Ice Form                 Ice/Tmut       #.......     73%         4    #####..
 Blade Hands              Tmut           ##........   77%         5    ######.


Dungeon Overview and Level Annotations

Branches:
Dungeon (2/15)

Altars:

Annotations:
D:2 Jessica


Message History

Jessica is almost dead.
Jessica barely misses you.
Your adder closely misses Jessica.
You closely miss Jessica.
Jessica is almost dead.
You feel yourself speed up.
Your adder withers and dies!
Jessica hits you with a dagger.
* * * LOW HITPOINT WARNING * * *
Jessica gestures wildly.
Jessica hits you with a dagger.
* * * LOW HITPOINT WARNING * * *
Jessica closely misses you.
You barely miss Jessica.
Jessica is almost dead.
Jessica gestures wildly.
Jessica drinks a potion.
Jessica is healed!
You barely miss Jessica. Jessica gestures at you while chanting.
Pain shoots through your body!
You die...

.....####..#.####.###.
#.##.# #............. #.##.#
#............. #.###.##.#
#....#..#...#. .....#.##
#....#........
#.####..#..###....######.#.
#....................รท.#.#.
.#.###.#.#..###.#######.#...
##.# #...#.#.@......# #.#.#.
####..#.#.#.#.#.@#######
#..... #.....#.#.....#..#
#####. #.##..#.......##.## .
[.....#.#.........#
#.##.##.##......#.#
........##........#
#..#.#####..###.#.# #..#.#
##..# #.#.#


You could see Jessica.

Vanquished Creatures
  2 dart slugs (D:1)
  2 bats
  2 giant cockroaches (D:1)
  2 hobgoblins (D:1)
  5 kobolds (D:1)
  A quokka (D:2)
  A ball python (D:1)
  3 frilled lizards (D:1)
  2 goblins
  2 rats (D:1)
22 creatures vanquished.

Vanquished Creatures (collateral kills)
  4 adders (D:2)
  A dart slug (D:1)
  3 hobgoblins
  A kobold (D:2)
  A rat (D:2)
10 creatures vanquished.

Grand Total: 32 creatures vanquished

Notes
Turn   | Place    | Note
-------+----------+-------------------------------------------
     0 | D:1      | Matador8 the Merfolk Transmuter began the quest for the
                  | Orb.
     0 | D:1      | Reached XP level 1. HP: 15/15 MP: 3/3
     6 | D:1      | Noticed a minotaur skeleton
    18 | D:1      | Noticed a minotaur skeleton
   443 | D:1      | Reached XP level 2. HP: 15/21 MP: 3/5
   475 | D:1      | Learned a level 2 spell: Sticks to Snakes
   590 | D:1      | HP: 1/21 [hobgoblin (1)]
   604 | D:1      | HP: 1/21 [hobgoblin (1)]
  1036 | D:1      | Reached XP level 3. HP: 17/26 MP: 4/6
  1809 | D:2      | Reached XP level 4. HP: 12/32 MP: 0/7
  1844 | D:2      | Noticed Jessica
  1894 | D:2      | Killed from afar by Jessica

Skill      XL: |  1  2  3 |
---------------+----------+-----
Transmutations | 3 4 |  4.3
Unarmed Combat | 4 |  4.3
Fighting       | |  1.1
Dodging        | |  2.6
Spellcasting   | |  2.0

Action                   |  1- 3 |  4- 6 || total
-------------------------+-------+-------++-------
Melee: Unarmed           |    83 |     9 ||    92
       Headbutt          |     4 |       ||     4
       Punch             |     2 |       ||     2
 Cast: Beastly Appendage |     7 |       ||     7
       Sticks to Snakes  |     9 |     3 ||    12
  Use: Potion            |     1 |       ||     1
 Stab: Sleeping          |     2 |       ||     2
  Eat: Chunk             |     3 |     1 ||     4
Armor: Robe              |    10 |     2 ||    12
Dodge: Dodged            |    57 |     9 ||    66
